[Event "Titled Tuesday Blitz March 28 Early 2023"]
[White "Miszler, Levente"]
[Black "Bodnaruk, Anastasia"]
[WhiteFideId "763276"]
[BlackFideId "4181751"]
[WhiteElo "2176"]
[BlackElo "2310"]
[Result "0-1"]
[Round "08"]
[TimeControl "180+2"]
[Date "2023.03.28"]
[WhiteClock "0:00:02"]
[BlackClock "0:00:04"]

1. Nf3 Nf6 2. c4 g6 3. g3 Bg7 4. Bg2 O-O 5. O-O d6 6. Nc3 Nc6 7. d3 e5 8. Rb1 a5 9. a3 Re8 10. e4 Nd4 11. Ne2 c5 12. Nfxd4 cxd4 13. b4 axb4 14. axb4 b5 15. c5 Be6 16. f4 Ba2 17. Rb2 dxc5 18. fxe5 Ng4 19. bxc5 Nxe5 20. Rxb5 Qd7 21. Rb4 Nc6 22. Rb6 Ne5 23. Bf4 Ng4 24. Rd6 Qa7 25. Kh1 Qxc5 26. e5 Nxe5 27. Bxe5 Qxe5 28. Rd7 Rab8 29. Nxd4 Rb1 30. Qxb1 Bxb1 31. Rxb1 Qe3 32. Bd5 Rf8 33. Nc6 Kh8 34. Rf1 Qxd3 35. Rf3 Qb1+ 36. Kg2 f5 37. Nd8 Qb2+ 38. Rf2 Qb5 39. Bc6 Qb6 40. Rfd2 Bf6 41. Bd5 Rxd8 42. Rxd8+ Bxd8 43. Bf3 Bf6 44. Rd7 g5 45. Rd2 g4 46. Bd5 Qe3 47. Rd1 Qe2+ 0-1


[Site "https://www.chess.com"]

[Event "Titled Tuesday Blitz March 28 Early 2023"]
[White "Valgmae, Toomas"]
[Black "Lenaerts, Lennert"]
[WhiteFideId "4502523"]
[BlackFideId "211435"]
[WhiteElo "2170"]
[BlackElo "2334"]
[Result "1-0"]
[Round "08"]
[TimeControl "180+2"]
[Date "2023.03.28"]
[WhiteClock "0:00:22"]
[BlackClock "0:00:32"]

1. d4 d5 2. c4 c6 3. Nf3 Nf6 4. Nc3 dxc4 5. a4 Bf5 6. Ne5 Nbd7 7. Nxc4 Nb6 8. Ne5 a5 9. f3 Nfd7 10. Nxd7 Nxd7 11. e4 Bg6 12. Qb3 Qb6 13. Qxb6 Nxb6 14. Be3 e6 15. d5 Nd7 16. dxc6 bxc6 17. O-O-O Bc5 18. Bd4 e5 19. Bxc5 Nxc5 20. Rd6 Rc8 21. Bc4 Ke7 22. Rhd1 Rhd8 23. Rxd8 Rxd8 24. Rxd8 Kxd8 25. b3 Ke7 26. Kc2 f6 27. Nd1 Be8 28. Kc3 g6 29. Nf2 Kd6 30. g3 Bd7 31. f4 g5 32. f5 Be8 33. Bd3 Bf7 34. Bc2 h5 35. b4 axb4+ 36. Kxb4 Na6+ 37. Kc3 c5 38. Bd3 Nb4 39. Bc4 Be8 40. a5 Bc6 41. h4 gxh4 42. gxh4 Bb7 43. Bf7 Nc6 44. Bxh5 Nxa5 45. Bf7 Ke7 46. Bd5 Bxd5 47. exd5 Nb7 48. Ne4 Kf7 49. Kc4 Kg7 50. d6 Kf7 51. Kd5 Ke8 52. Nxc5 Nxc5 53. Kxc5 Kd7 54. Kd5 e4 55. Kxe4 Kxd6 56. Kd4 Kc6 57. Ke4 Kd6 58. h5 Ke7 59. Kd5 Kf7 60. Kd6 Kg7 61. Ke6 1-0


[Site "https://www.chess.com"]

[Event "Titled Tuesday Blitz March 28 Early 2023"]
[White "Alex_Sahakyan2006"]
[Black "Salman, Pavel"]
[BlackFideId "24153753"]
[WhiteElo "2597"]
[BlackElo "2187"]
[Result "1-0"]
[Round "08"]
[TimeControl "180+2"]
[Date "2023.03.28"]
[WhiteClock "0:00:17"]
[BlackClock "0:00:15"]

1. Nc3 g6 2. g3 Bg7 3. Bg2 Nf6 4. Nf3 c6 5. O-O O-O 6. e4 d6 7. d4 Nbd7 8. h3 e5 9. dxe5 dxe5 10. Qd6 Re8 11. Rd1 Qe7 12. Qxe7 Rxe7 13. Be3 b6 14. Bf1 Nf8 15. Nd2 Be6 16. Nc4 N6d7 17. Nd6 h6 18. a4 Kh7 19. a5 b5 20. a6 b4 21. Na4 f5 22. f3 b3 23. c3 h5 24. Nc5 Nxc5 25. Bxc5 Rd7 26. Nb7 f4 27. g4 hxg4 28. hxg4 g5 29. Kf2 Kg6 30. Be2 Rxd1 31. Rxd1 Nd7 32. Ba3 Kf7 33. Nd6+ Kf6 34. Nf5 Bf8 35. Bxf8 Nxf8 36. Rd6 c5 37. Rc6 Rc8 38. Rxc8 Bxc8 39. Nd6 Bd7 40. Bc4 Ne6 41. Bxb3 Nc7 42. Bc4 Be6 43. Bxe6 Kxe6 44. Nc8 Nxa6 45. Nxa7 Nc7 46. Nc6 Kd6 47. Na5 Nb5 48. Nc4+ Ke6 49. Ke2 Nc7 50. Kd2 Nb5 51. Kc2 Nc7 52. Kb3 Ne8 53. Ka4 Nf6 54. Kb5 Nd7 55. Kc6 Nf8 56. Kxc5 Ng6 57. b4 Nh4 58. Nd2 Kd7 59. Kd5 Ng2 60. Kxe5 Ne3 61. b5 Nd1 62. c4 Ne3 63. Kf6 Kd6 64. e5+ Kc5 65. Kxg5 Nc2 66. Kxf4 Nd4 67. Ke4 Ne6 68. f4 Nc7 69. f5 Ne8 70. g5 Kb6 71. f6 Kc7 72. g6 Ng7 73. fxg7 Kd7 74. g8=Q Ke7 75. Qf7+ Kd8 76. g7 Kc8 77. g8=Q# 1-0


[Site "https://www.chess.com"]

[Event "Titled Tuesday Blitz March 28 Early 2023"]
[White "Fernandez Garcia, Gumersindo"]
[Black "Raahul V S"]
[WhiteFideId "24516740"]
[BlackFideId "25035525"]
[WhiteElo "2093"]
[BlackElo "2168"]
[Result "0-1"]
[Round "08"]
[TimeControl "180+2"]
[Date "2023.03.28"]
[WhiteClock "0:00:05"]
[BlackClock "0:00:28"]

1. d4 d5 2. c4 c6 3. Nc3 Nf6 4. Nf3 e6 5. Bg5 dxc4 6. a4 b5 7. axb5 cxb5 8. Nxb5 Qb6 9. Nc3 Qxb2 10. Qc1 Qxc1+ 11. Rxc1 Nd5 12. Bd2 Ba3 13. Rb1 Bb4 14. Nxd5 Bxd2+ 15. Nxd2 exd5 16. e4 c3 17. Nf3 dxe4 18. Ne5 O-O 19. Bc4 Nd7 20. Bd5 Rb8 21. Rxb8 Nxb8 22. Bxe4 Nd7 23. Kd1 Nf6 24. Bf3 Bf5 25. g4 Be4 26. Ke2 Rc8 27. Bxe4 Nxe4 28. Rc1 f6 29. Nd3 a5 30. f3 Nd6 31. Nc5 Nb5 32. Kd3 Rd8 33. Kc4 Nxd4 34. Rxc3 Nc6 35. Kb5 Rc8 36. Ra3 Nd4+ 37. Kb6 Rc6+ 38. Kxa5 Rxc5+ 39. Kb4 Nc2+ 40. Kxc5 Nxa3 41. Kd4 Kf7 42. f4 Ke6 43. h4 h5 44. gxh5 Kf5 45. Ke3 Kg4 46. Ke4 Nc4 47. h6 gxh6 48. Kd5 Ne3+ 49. Ke6 f5 50. Ke5 Ng2 0-1


[Site "https://www.chess.com"]

[Event "Titled Tuesday Blitz March 28 Early 2023"]
[White "Dino_Ballecer"]
[Black "Perez Rodriguez, Jennifer"]
[BlackFideId "3507831"]
[WhiteElo "2592"]
[BlackElo "2170"]
[Result "0-1"]
[Round "08"]
[TimeControl "180+2"]
[Date "2023.03.28"]
[WhiteClock "0:00:31"]
[BlackClock "0:00:47"]

1. e4 e5 2. d4 exd4 3. Qxd4 Nc6 4. Qe3 Nf6 5. Nc3 Bb4 6. Bd2 O-O 7. O-O-O Re8 8. Qg3 Rxe4 9. a3 Ba5 10. Bd3 Rg4 11. Qe3 d5 12. Qe2 Rxg2 13. Nf3 Bg4 14. Qe3 d4 15. Qf4 dxc3 16. Bxc3 Nd5 17. Bxh7+ Kxh7 18. Ng5+ Qxg5 19. Qxg5 Nxc3 20. bxc3 Bxc3 21. Rdg1 Bf6 22. Qf4 Rxg1+ 23. Rxg1 Bh5 24. Qxc7 Nd4 25. Re1 Ne2+ 26. Kb1 Re8 27. Rf1 Re6 28. Qa5 Rb6+ 29. Ka2 Rb2+ 30. Ka1 Rb5+ 0-1


[Site "https://www.chess.com"]

[Event "Titled Tuesday Blitz March 28 Early 2023"]
[White "Priyanka Nutakki"]
[Black "Iljin, Timofey"]
[WhiteFideId "25049615"]
[BlackFideId "14110180"]
[WhiteElo "2256"]
[BlackElo "2397"]
[Result "1-0"]
[Round "08"]
[TimeControl "180+2"]
[Date "2023.03.28"]
[WhiteClock "0:00:53"]
[BlackClock "0:00:02"]

1. d4 f5 2. Nc3 Nf6 3. Bg5 d5 4. e3 c6 5. Nf3 e6 6. a3 h6 7. Bf4 Be7 8. Bd3 O-O 9. h3 a5 10. Ne5 Nbd7 11. Ng6 Re8 12. g4 Nf8 13. Nxe7+ Qxe7 14. Rg1 Ng6 15. Bh2 Nh4 16. Na4 Ne4 17. Nb6 Rb8 18. Bxb8 Ng5 19. Be2 e5 20. Bxe5 c5 21. Nxd5 Qf7 22. Nf4 cxd4 23. Bxd4 b5 24. Kf1 Bb7 25. Rg3 Ba8 26. Bxb5 Re7 27. Qd3 Kh8 28. Bc4 Qe8 29. gxf5 Be4 30. Qc3 Rc7 31. Ne6 Nxe6 32. fxe6 Nf5 33. Rg4 Bd5 34. Bxd5 Qb5+ 35. Qd3 Qxd5 36. Bxg7+ Rxg7 37. Qxd5 1-0


[Site "https://www.chess.com"]

[Event "Titled Tuesday Blitz March 28 Early 2023"]
[White "Hnydiuk, Aleksander"]
[Black "Silva Lucena, Cristian"]
[WhiteFideId "1109057"]
[BlackFideId "2232588"]
[WhiteElo "2374"]
[BlackElo "2223"]
[Result "1-0"]
[Round "08"]
[TimeControl "180+2"]
[Date "2023.03.28"]
[WhiteClock "0:02:39"]
[BlackClock "0:02:12"]

1. c4 e6 2. g3 d5 3. Bg2 Nf6 4. Nf3 Be7 5. O-O O-O 6. Qc2 c6 7. d4 dxc4 8. Qxc4 b5 9. Qc2 Bb7 10. Bg5 Nbd7 11. Ne5 Nxe5 12. dxe5 Nd7 13. Bxe7 Qxe7 14. f4 a6 15. Nd2 Rac8 16. Ne4 c5 17. Nd6 Bxg2 18. Nxc8 Rxc8 19. Kxg2 c4 20. Rad1 Nc5 21. Rd6 Qb7+ 22. Kg1 Ne4 23. Rd4 Qb6 24. Qxe4 1-0


[Site "https://www.chess.com"]

[Event "Titled Tuesday Blitz March 28 Early 2023"]
[White "Souleidis, Georgios"]
[Black "Delorme, Alban"]
[WhiteFideId "4206827"]
[BlackFideId "623636"]
[WhiteElo "2401"]
[BlackElo "2196"]
[Result "1-0"]
[Round "08"]
[TimeControl "180+2"]
[Date "2023.03.28"]
[WhiteClock "0:00:11"]
[BlackClock "0:00:04"]

1. e4 c5 2. Be2 g6 3. d3 Bg7 4. f4 Nc6 5. Nf3 e6 6. O-O Nge7 7. c3 O-O 8. Be3 b6 9. d4 cxd4 10. cxd4 d5 11. e5 a5 12. Nc3 Ba6 13. Nb5 Na7 14. a4 Qd7 15. Qb3 Nec6 16. Rfc1 Rfc8 17. Bf1 Nb4 18. Nd6 Rxc1 19. Rxc1 Bxf1 20. Kxf1 Bf8 21. Bd2 Bxd6 22. exd6 Qxd6 23. Bxb4 axb4 24. Ne5 Rc8 25. Rxc8+ Nxc8 26. Nd3 Qc6 27. Ke1 Nd6 28. Qxb4 Nf5 29. Kd2 Nd6 30. Ne5 Ne4+ 31. Kd1 Nf2+ 32. Ke2 Qc2+ 33. Qd2 Qxd2+ 34. Kxd2 Ne4+ 35. Kc2 Nd6 36. Nd7 Nc8 37. Kc3 f6 38. Kb4 Kf7 39. Kb5 Ke7 40. Nxb6 Nd6+ 41. Kb4 Kd8 42. a5 Kc7 43. Na4 e5 44. dxe5 fxe5 45. fxe5 Nf7 46. e6 Ng5 47. e7 Kd7 48. a6 Ne6 49. Nc5+ Kxe7 50. Nxe6 1-0


[Site "https://www.chess.com"]

[Event "Titled Tuesday Blitz March 28 Early 2023"]
[White "Karthik, Venkataraman"]
[Black "Bruedigam, Martin"]
[WhiteFideId "25006479"]
[BlackFideId "24608033"]
[WhiteElo "2419"]
[BlackElo "2331"]
[Result "1-0"]
[Round "08"]
[TimeControl "180+2"]
[Date "2023.03.28"]
[WhiteClock "0:00:11"]
[BlackClock "0:00:01"]

1. Nf3 d5 2. g3 Nf6 3. h4 Nbd7 4. a4 e5 5. d3 Bc5 6. Bg2 Qe7 7. c3 c6 8. b4 Bd6 9. h5 e4 10. Nd4 Ne5 11. h6 g6 12. Bg5 O-O 13. dxe4 dxe4 14. Nd2 Bf5 15. Nxe4 Bxe4 16. Bxe4 Rad8 17. Qb3 Neg4 18. Bf3 Qe5 19. Bf4 Qe7 20. Bg5 Qe5 21. Bf4 Qe7 22. Bd2 Rfe8 23. O-O Qe5 24. Kg2 Bc7 25. Bf4 Qe7 26. Bg5 Qe5 27. Bf4 Qe7 28. Bxc7 Qxc7 29. Rh1 Ne5 30. Rae1 Rd6 31. Qa2 a5 32. b5 c5 33. Nb3 Rde6 34. Nd2 b6 35. Rd1 Nxf3 36. exf3 Re2 37. Qc4 Nh5 38. Rxh5 gxh5 39. Ne4 R2xe4 40. fxe4 Qe5 41. Rd5 Qe6 42. Rg5+ Kh8 43. Qxe6 Rxe6 44. Rd5 Rxh6 45. Kh3 Re6 46. f3 Kg7 47. Rxh5 Rc6 48. bxc6 1-0


[Site "https://www.chess.com"]

[Event "Titled Tuesday Blitz March 28 Early 2023"]
[White "Kosteniuk, Alexandra"]
[Black "Golubev, Mikhail"]
[WhiteFideId "4128125"]
[BlackFideId "14100983"]
[WhiteElo "2453"]
[BlackElo "2374"]
[Result "1-0"]
[Round "08"]
[TimeControl "180+2"]
[Date "2023.03.28"]
[WhiteClock "0:01:29"]
[BlackClock "0:00:02"]

1. e4 c5 2. c3 d5 3. exd5 Nf6 4. Bb5+ Nbd7 5. c4 a6 6. Bxd7+ Qxd7 7. d4 cxd4 8. Qxd4 e6 9. Nc3 Bb4 10. Ne2 O-O 11. O-O exd5 12. Nxd5 Nxd5 13. cxd5 Be7 14. Ng3 Rd8 15. Rd1 b5 16. Bf4 Bf6 17. Qd2 Bb7 18. d6 Qg4 19. f3 Qg6 20. Rac1 Bh4 21. Rc7 Rac8 22. Rxb7 Rc2 23. Qd3 1-0


[Site "https://www.chess.com"]

[Event "Titled Tuesday Blitz March 28 Early 2023"]
[White "Belozerov, Andrei"]
[Black "Shubenkova, Veronika"]
[WhiteFideId "4120213"]
[BlackFideId "44124040"]
[WhiteElo "2360"]
[BlackElo "2027"]
[Result "1-0"]
[Round "08"]
[TimeControl "180+2"]
[Date "2023.03.28"]
[WhiteClock "0:00:15"]
[BlackClock "0:00:05"]

1. d4 d5 2. c4 e6 3. Nf3 Nf6 4. g3 Be7 5. Bg2 O-O 6. O-O b6 7. cxd5 exd5 8. Nc3 Bb7 9. Ne5 Re8 10. Bf4 c6 11. Rc1 Nbd7 12. Qa4 Nxe5 13. Bxe5 Nd7 14. Bf4 a5 15. Rfd1 b5 16. Qc2 Nb6 17. e4 Qd7 18. exd5 cxd5 19. Bf1 Ba6 20. a4 b4 21. Nb5 Rec8 22. Qb3 Nc4 23. Rxc4 dxc4 24. Bxc4 Bf8 25. d5 Bxb5 26. Bxb5 Qg4 27. d6 Rd8 28. d7 Qf5 29. Bc7 Bc5 30. Rd2 g6 31. Kg2 h5 32. Qf3 Qxf3+ 33. Kxf3 Be7 34. Re2 Kf8 35. Bxd8 Rxd8 36. Ke4 Rb8 37. Kd5 Rb6 38. d8=Q+ Bxd8 39. Re8+ Kg7 40. Rxd8 Rf6 41. f4 h4 42. Ra8 hxg3 43. hxg3 g5 44. Ke4 gxf4 45. gxf4 Re6+ 46. Kf3 Rd6 47. Bc4 Rc6 48. b3 Rc5 49. Ra7 Kg6 50. Bxf7+ Kf6 51. Bc4 Rh5 52. Ra6+ Ke7 53. Ke4 Rh1 54. f5 Re1+ 55. Kf4 Kf8 56. f6 Re8 57. Ra7 Rc8 58. Rh7 Rxc4+ 59. bxc4 b3 60. Rb7 b2 61. Rxb2 Ke8 62. Ke5 Kd7 63. f7 Kc6 64. f8=Q Kc7 65. Qd6+ Kc8 66. Rb8# 1-0


[Site "https://www.chess.com"]

[Event "Titled Tuesday Blitz March 28 Early 2023"]
[White "Shapiro, Viktor"]
[Black "Al-Tarboush, Ward"]
[WhiteFideId "4175700"]
[BlackFideId "7601450"]
[WhiteElo "2152"]
[BlackElo "2257"]
[Result "1-0"]
[Round "08"]
[TimeControl "180+2"]
[Date "2023.03.28"]
[WhiteClock "0:00:20"]
[BlackClock "0:00:03"]

1. c4 c5 2. Nc3 Nc6 3. g3 g6 4. Bg2 Bg7 5. Nf3 Nh6 6. O-O Nf5 7. d3 O-O 8. a3 a6 9. Rb1 Rb8 10. Bd2 b5 11. cxb5 axb5 12. b4 cxb4 13. axb4 d5 14. h4 h5 15. Ng5 e6 16. e4 dxe4 17. dxe4 Nfd4 18. Be3 Bb7 19. Ne2 e5 20. Nc3 f6 21. Nf3 Nxf3+ 22. Bxf3 Nd4 23. Bxd4 exd4 24. Nd5 Bxd5 25. exd5 f5 26. Re1 f4 27. Re6 fxg3 28. fxg3 Rb6 29. Qe2 Rxe6 30. Qxe6+ Kh8 31. Rb3 Qc7 32. Qxg6 Qc1+ 33. Kg2 Qd2+ 34. Kh3 Qe1 35. Qxh5+ Kg8 36. d6 Qe6+ 37. Kg2 Rf5 38. Qg4 Qf7 39. Ra3 Kh8 40. Ra8+ Bf8 41. Qxd4+ Kg8 42. Qg4+ Kh8 43. Qd4+ Kg8 44. Ra7 Qe6 45. Qg4+ Kh8 46. d7 Be7 47. Ra8+ Kh7 48. Be4 1-0


[Site "https://www.chess.com"]

[Event "Titled Tuesday Blitz March 28 Early 2023"]
[White "Savitha Shri B"]
[Black "Kim, Sergey"]
[WhiteFideId "35061887"]
[BlackFideId "13700570"]
[WhiteElo "2191"]
[BlackElo "2620"]
[Result "1-0"]
[Round "08"]
[TimeControl "180+2"]
[Date "2023.03.28"]
[WhiteClock "0:00:51"]
[BlackClock "0:00:36"]

1. d4 Nf6 2. Nc3 d6 3. Bg5 g6 4. Bxf6 exf6 5. e4 f5 6. e5 Bg7 7. Nf3 O-O 8. Bc4 Nc6 9. exd6 Re8+ 10. Ne2 cxd6 11. O-O Bh6 12. c3 a6 13. a4 Qf6 14. b4 Bd7 15. Qb3 Re7 16. Rfe1 Rae8 17. Ng3 Bf4 18. Ne2 Bh6 19. Ng3 f4 20. Nf1 Bg4 21. Rxe7 Rxe7 22. Bd5 Nd8 23. Qc4 Kg7 24. N1d2 Bf5 25. b5 a5 26. b6 g5 27. h3 Ne6 28. Re1 Nd8 29. Rxe7 Qxe7 30. Qc7 Qd7 31. Ne4 Qxa4 32. Nxd6 Be6 33. Bxe6 Qd1+ 34. Kh2 g4 35. hxg4 1-0


[Site "https://www.chess.com"]

[Event "Titled Tuesday Blitz March 28 Early 2023"]
[White "Vafin, Ayrat"]
[Black "Gontcharov, Vladislav"]
[WhiteFideId "4146530"]
[BlackFideId "4123492"]
[WhiteElo "2317"]
[BlackElo "2470"]
[Result "0-1"]
[Round "08"]
[TimeControl "180+2"]
[Date "2023.03.28"]
[WhiteClock "0:00:03"]
[BlackClock "0:00:11"]

1. Nf3 Nf6 2. g3 c5 3. Bg2 Nc6 4. d4 cxd4 5. Nxd4 g6 6. Nxc6 bxc6 7. c4 Bg7 8. Nc3 O-O 9. O-O Rb8 10. b3 Qc7 11. Bb2 d6 12. Qd2 a5 13. e4 Nd7 14. Na4 Bxb2 15. Qxb2 Ba6 16. Qc3 Rb4 17. Nb2 Nc5 18. Rfe1 e5 19. Rad1 Rfb8 20. Nd3 Nxd3 21. Qxd3 Rd8 22. Qc3 c5 23. a3 Rbb8 24. Rd3 a4 25. bxa4 Bb7 26. Red1 Bc6 27. a5 Ra8 28. f4 f6 29. fxe5 fxe5 30. h4 Ba4 31. R1d2 Be8 32. h5 gxh5 33. Rf3 Bg6 34. Bh3 Qxa5 35. Be6+ Kg7 36. Qe3 Qc7 37. Qg5 Rf8 38. Rdf2 Rxf3 39. Rxf3 Kh8 40. Qf6+ Qg7 41. Bd5 Qxf6 42. Rxf6 Rxa3 43. Rxd6 Rxg3+ 44. Kf2 h4 45. Rd8+ Kg7 46. Rg8+ Kf6 47. Rf8+ Kg5 48. Re8 Kf4 49. Rf8+ Kg5 50. Be6 Rc3 51. Bd5 h3 52. Kg1 Kh4 53. Rf2 Kg3 54. Rf1 Bh5 55. Rf2 Bf3 56. Kf1 Rc1# 0-1


[Site "https://www.chess.com"]

[Event "Titled Tuesday Blitz March 28 Early 2023"]
[White "Olenik Campa, Rudi"]
[Black "Zheenbekov, Nurgazy"]
[WhiteFideId "14633264"]
[BlackFideId "13800485"]
[WhiteElo "2249"]
[BlackElo "1975"]
[Result "1-0"]
[Round "08"]
[TimeControl "180+2"]
[Date "2023.03.28"]
[WhiteClock "0:01:22"]
[BlackClock "0:01:02"]

1. e4 e5 2. Nf3 Nc6 3. Bc4 Nf6 4. d3 Be7 5. O-O O-O 6. c3 d5 7. exd5 Nxd5 8. Re1 Bf6 9. a4 a6 10. Bb3 Bg4 11. h3 Bh5 12. Nbd2 Nf4 13. Ne4 Nxd3 14. Nxf6+ gxf6 15. Re3 Nxc1 16. Qxc1 Na5 17. Ba2 Bg6 18. Nh4 Qd6 19. Rg3 Kh8 20. Qh6 Rfd8 21. Rxg6 Qf8 22. Qh5 Rd2 23. Rxf6 Rad8 24. Rxf7 1-0


[Site "https://www.chess.com"]

[Event "Titled Tuesday Blitz March 28 Early 2023"]
[White "Rosen, Eric"]
[Black "Thecourseoisildur"]
[WhiteFideId "2032562"]
[WhiteElo "2331"]
[BlackElo "2454"]
[Result "0-1"]
[Round "08"]
[TimeControl "180+2"]
[Date "2023.03.28"]
[WhiteClock "0:00:06"]
[BlackClock "0:00:10"]

1. d4 Nf6 2. Bf4 g6 3. Nc3 d5 4. e3 Bg7 5. h4 c6 6. Nf3 Qb6 7. a3 Bf5 8. Na4 Qa5+ 9. c3 Nbd7 10. b4 Qd8 11. Nc5 b6 12. Nd3 Ne4 13. Qb3 Be6 14. h5 c5 15. Nde5 c4 16. Qc2 Nxe5 17. Nxe5 g5 18. h6 Bxe5 19. Bxe5 f6 20. Bh2 Bf5 21. f3 Ng3 22. e4 Nxh1 23. exf5 O-O 24. O-O-O Qe8 25. a4 Qh5 26. g4 Qh4 27. Qg2 Qf2 28. Bg1 Qh4 29. Kd2 Ng3 30. Bf2 Nxf1+ 31. Rxf1 Qxh6 32. Re1 Qg7 33. Re6 Rf7 34. Bg3 h6 35. Qh2 Rd8 36. Bb8 Rd7 37. Bg3 Qh7 38. Qh5 Rf8 39. Kc2 Kg7 40. Bf2 Kg8 41. Kb2 Kh8 42. Ka3 Kg7 43. Bg3 Rh8 44. Re2 Qg8 45. Qh1 Qf7 46. f4 gxf4 47. Bxf4 h5 48. g5 fxg5 49. Be5+ Kg8 50. Bxh8 Kxh8 51. Re5 Qf6 52. Qxh5+ Kg7 53. Qe2 g4 54. Qxg4+ Kf8 55. Re2 Rd6 56. Rg2 Ke8 57. Qg8+ Qf8 58. Qg6+ Rxg6 59. fxg6 Qg7 60. a5 e6 61. axb6 axb6 62. Ka4 Qd7+ 63. Ka3 Kf8 64. g7+ Kg8 65. Rg3 Qa7+ 66. Kb2 Qc7 67. Rg2 e5 68. dxe5 Qxe5 69. Rd2 Kxg7 70. Rc2 d4 71. cxd4 Qxd4+ 72. Ka3 Qd3+ 73. Kb2 Qb3+ 74. Kc1 c3 75. Rg2+ Kf6 76. b5 Qa3+ 77. Kb1 Qb4+ 78. Kc1 Qf4+ 79. Kc2 Qe4+ 80. Kb3 Qxg2 81. Kxc3 Qd5 82. Kb4 Qc5+ 83. Ka4 Qc4+ 84. Ka3 Qxb5 85. Ka2 Ke5 86. Ka1 Kd4 87. Ka2 Kc3 88. Ka3 Qa5# 0-1


[Site "https://www.chess.com"]

[Event "Titled Tuesday Blitz March 28 Early 2023"]
[White "Liu, Casper"]
[Black "Jain Kashish Manoj"]
[WhiteFideId "1454153"]
[BlackFideId "35081098"]
[WhiteElo "2221"]
[BlackElo "2191"]
[Result "0-1"]
[Round "08"]
[TimeControl "180+2"]
[Date "2023.03.28"]
[WhiteClock "0:00:14"]
[BlackClock "0:00:05"]

1. d4 Nf6 2. c4 e6 3. Nc3 b6 4. e4 Bb4 5. e5 Ne4 6. Qf3 Bb7 7. Bd3 Nc5 8. Qg3 Nxd3+ 9. Qxd3 Bxg2 10. Qg3 Bxh1 11. Qxg7 Rf8 12. Bg5 Be7 13. Bh6 Nc6 14. O-O-O d5 15. f3 Qd7 16. Qxh7 O-O-O 17. Bxf8 Rxf8 18. Qh3 Rg8 19. Nge2 Bg2 20. Qh7 Qe8 21. Rg1 Rh8 22. Qd3 dxc4 23. Qe4 Rh4 24. Qe3 Bh3 25. Kb1 Nb4 26. a3 Bf5+ 27. Ne4 Nd5 28. Qc1 Qb5 29. Ng3 Bg6 30. Ka1 Rxh2 31. f4 Qb3 32. Nd2 Qb5 33. Nxc4 Kb7 34. f5 Bxf5 35. Nxf5 exf5 36. Rg8 Qb3 37. Nd6+ Bxd6 38. exd6 Rc2 39. Qb1 Nc3 40. Qh1+ c6 41. Rb8+ Kxb8 42. d7 Qa2# 0-1


[Site "https://www.chess.com"]

[Event "Titled Tuesday Blitz March 28 Early 2023"]
[White "Kashtanov, Ruslan"]
[Black "Janaszak, Dawid"]
[WhiteFideId "4124871"]
[BlackFideId "1119206"]
[WhiteElo "2276"]
[BlackElo "2220"]
[Result "0-1"]
[Round "08"]
[TimeControl "180+2"]
[Date "2023.03.28"]
[WhiteClock "0:00:04"]
[BlackClock "0:01:39"]

1. e4 c5 2. Nc3 Nc6 3. Bb5 Nd4 4. Nf3 e6 5. O-O a6 6. Bd3 Nc6 7. Re1 d6 8. Bf1 Nf6 9. b3 e5 10. Nd5 Be7 11. h3 Nxd5 12. exd5 Nd4 13. Nxd4 cxd4 14. c3 dxc3 15. dxc3 O-O 16. c4 f5 17. f4 Bf6 18. fxe5 Bxe5 19. Rxe5 dxe5 20. c5 f4 21. Qf3 Bf5 22. d6 Rc8 23. Bc4+ Kh8 24. Qxb7 Rxc5 25. Ba3 Rc8 26. Bxa6 Rb8 27. Qe7 Qb6+ 28. Kh1 Qxa6 29. d7 Qa8 30. Rd1 Bxh3 31. Qxf8+ Rxf8 32. Bxf8 Qxg2# 0-1


[Site "https://www.chess.com"]

[Event "Titled Tuesday Blitz March 28 Early 2023"]
[White "Yaniuk, Volodymyr"]
[Black "Nunez V, Gustavo Eduardo"]
[WhiteFideId "14133083"]
[BlackFideId "4403690"]
[WhiteElo "2141"]
[BlackElo "2228"]
[Result "1-0"]
[Round "08"]
[TimeControl "180+2"]
[Date "2023.03.28"]
[WhiteClock "0:01:53"]
[BlackClock "0:01:18"]

1. c4 e5 2. Nc3 g6 3. Nf3 Bg7 4. h4 h5 5. d4 exd4 6. Nxd4 Ne7 7. Bg5 d6 8. Qd2 O-O 9. Nd5 f6 10. Bf4 Nxd5 11. cxd5 Re8 12. e3 Nd7 13. Ne6 Rxe6 14. dxe6 Ne5 15. Bxe5 fxe5 16. Bc4 Qe7 17. O-O-O Bxe6 18. Bxe6+ Qxe6 19. Qd5 Qxd5 20. Rxd5 Rf8 21. f3 Bh6 22. Kd2 Kf7 23. Ke2 Ke6 24. Rhd1 Rd8 25. g3 c6 26. R5d3 d5 27. e4 d4 28. b4 a6 29. Rb1 Bf8 30. Rd2 b6 31. a3 Rc8 32. Rc2 Kd7 33. Kd3 Bd6 34. Rf1 Rf8 35. Rcf2 c5 36. bxc5 bxc5 37. Rb1 Kc6 38. Kc4 Bc7 39. Rb3 a5 40. a4 Bd8 41. Rb5 Bb6 42. Rfb2 Ba7 43. Rxa5 Bb8 44. Ra6+ Kc7 45. Rb3 g5 46. hxg5 Rg8 47. g6 Kc8 48. Kxc5 Bc7 49. Ra8+ Kd7 50. Rxg8 Bd6+ 51. Kd5 h4 52. gxh4 Be7 53. h5 d3 54. Rxd3 Kc7 55. Kxe5 Kb6 56. Ke6 Ba3 57. Rxa3 Ka5 58. Rb3 Kxa4 59. Rbb8 Ka5 60. Rgc8 Ka6 61. g7 Ka7 62. h6 Ka6 63. h7 Ka7 64. h8=Q Ka6 65. g8=Q Ka7 66. f4 Ka6 67. f5 Ka7 68. f6 Ka6 69. f7 Ka7 70. f8=Q Ka6 71. Kd7 Ka7 72. e5 Ka6 73. e6 Ka7 74. e7 1-0


[Site "https://www.chess.com"]

[Event "Titled Tuesday Blitz March 28 Early 2023"]
[White "Maxfan2008"]
[Black "Kuzmin, Roman"]
[BlackFideId "44134932"]
[WhiteElo "2420"]
[BlackElo "2146"]
[Result "1-0"]
[Round "08"]
[TimeControl "180+2"]
[Date "2023.03.28"]
[WhiteClock "0:02:01"]
[BlackClock "0:01:39"]

1. d4 Nf6 2. c4 e6 3. Nc3 d5 4. cxd5 exd5 5. Bg5 Nbd7 6. e3 c6 7. Bd3 Be7 8. Qc2 O-O 9. h3 Re8 10. Nf3 Nf8 11. Bf4 Ne6 12. Bh2 g6 13. O-O-O b5 14. Kb1 a5 15. Ne5 Bb7 16. f4 a4 17. g4 Qa5 18. f5 Nf8 19. g5 N6d7 20. fxg6 fxg6 21. Nxd7 Nxd7 22. Bxg6 Nf8 23. Bxe8 Rxe8 24. g6 h6 25. g7 Nh7 26. Qg6 Qa8 27. Rdf1 1-0


[Site "https://www.chess.com"]

[Event "Titled Tuesday Blitz March 28 Early 2023"]
[White "Buscar, Michael"]
[Black "Staudenhocker43"]
[WhiteFideId "2603616"]
[WhiteElo "2010"]
[BlackElo "2542"]
[Result "0-1"]
[Round "08"]
[TimeControl "180+2"]
[Date "2023.03.28"]
[WhiteClock "0:00:06"]
[BlackClock "0:01:39"]

1. d4 Nf6 2. c4 e6 3. Nc3 Bb4 4. e3 O-O 5. Bd3 d5 6. Ne2 dxc4 7. Bxc4 c5 8. a3 Bxc3+ 9. bxc3 Qc7 10. Bd3 b6 11. O-O Ba6 12. Bb2 Rd8 13. c4 cxd4 14. exd4 Bxc4 15. Rc1 b5 16. d5 Nxd5 17. Qc2 h6 18. Bxc4 bxc4 19. Qxc4 Qxc4 20. Rxc4 Nd7 21. Rg4 f6 22. Nf4 Nxf4 23. Rxf4 e5 24. Rc4 Rac8 25. Rfc1 Rxc4 26. Rxc4 Nb6 27. Rc1 Kf7 28. g4 Rc8 29. Rd1 Ke6 30. Bc1 Nd5 31. Bd2 Rc2 32. h3 a6 33. Kg2 Ra2 34. Be1 Rxa3 35. Rc1 Nf4+ 36. Kf1 Rxh3 37. Kg1 Ne2+ 38. Kg2 Nxc1 39. Kxh3 Nb3 40. Kg3 a5 41. Bc3 a4 42. Bb4 Nd4 0-1


[Site "https://www.chess.com"]